 Dungeon Crawl Stone Soup version 0.29.1-12-g30fa7ad0bf (webtiles) character file.

Game seed: 17829654665866874209

37 DemonSlayer the Digger (level 3, -3/36 HPs)
             Began as a Demonspawn Earth Elementalist on Dec 22, 2022.
             Slain by Terence
             ... wielding a +0 falchion
              (5 damage)
             ... on level 2 of the Dungeon.
             The game lasted 00:03:09 (1472 turns).

DemonSlayer the Digger (DsEE)                       Turns: 1472, Time: 00:03:10

Health: -3/36      AC: 21    Str:  8    XL:     3   Next: 23%
Magic:  13/15      EV:  2    Int: 18    God:
Gold:   201        SH:  3    Dex: 13    Spells: 3/7 levels left

rFire   . . .      SeeInvis .   k - +0 hand axe
rCold   . . .      Faith    .   g - +0 buckler
rNeg    . . .      Spirit   .   (body armour currently unavailable)
rPois   +          Reflect  .   (helmet currently unavailable)
rElec   .          Harm     .   (cloak currently unavailable)
rCorr   .          Rampage  .   (gloves currently unavailable)
Will    .....      NoTele   +   (boots currently unavailable)
Stlth   ++........              (no amulet)
HPRegen 0.12/turn               f - ring of magical power
MPRegen 0.14/turn               (no ring)

@: tree-form, hasted, unable to read, unable to drink, very quick
A: stationary, stasis, torment immunity, boosted hp, (claws 1), powered by pain
1, (hooves 1), low MP 1, inability to drink after injury 1, inability to read
after injury 1
a: no special abilities


You were on level 2 of the Dungeon.
You were a tree.
You visited 1 branch of the dungeon, and saw 2 of its levels.

You collected 201 gold pieces.

Inventory:

Hand Weapons
 k - a +0 hand axe (weapon)
Armour
 a - a +0 robe (melded)
 g - a +0 buckler (worn)
 m - a +0 pair of boots (melded)
Jewellery
 f - a ring of magical power (left branch)
Scrolls
 b - a scroll of noise {unknown}
 c - 2 scrolls of poison {unknown}
 d - 2 scrolls of identify {unknown}
 j - a scroll of enchant weapon {unknown}
Potions
 i - a potion of flight


   Skills:
 + Level 1.9 Dodging
 + Level 1.9 Stealth
 + Level 2.7 Spellcasting
 + Level 0.8 Transmutations
 + Level 3.3 Earth Magic


You had 3 spell levels left.
You knew the following spells:

 Your Spells              Type           Power      Damage    Failure   Level
a - Sandblast             Erth           28%        2d8       6%          1
b - Stone Arrow           Conj/Erth      16%        3d8       34%         3

Your spell library contained the following spells:

 Spells                   Type           Power      Damage    Failure   Level
 Passwall                 Tmut/Erth      7%         N/A       14%         2
 Petrify                  Tmut/Erth      9%         N/A       67%         4


Dungeon Overview and Level Annotations

Branches:
Dungeon (2/15)

Altars:

Annotations:
D:2 Terence


Innate Abilities, Weirdness & Mutations

You are a tree.
Your roots penetrate the ground, keeping you stationary.
You cannot be teleported.
You are immune to unholy pain and torment.
Your maximum health is greatly increased.
Your equipment is partially melded.
((You have sharp fingernails.))
You sometimes gain a little power by taking damage.
((You have large cloven feet.))
Your magical capacity is low. (-10% MP)
You occasionally lose the ability to drink potions when taking damage.
You occasionally lose the ability to read scrolls when taking damage.


Message History

Terence hits you with a +0 falchion.
* * * LOW HITPOINT WARNING * * *
You closely miss Terence.
Terence is severely wounded.
Terence hits you but does no damage. Terence completely misses you.
You barely miss Terence.
Terence is severely wounded.
Terence hits you but does no damage.
You hit Terence but do no damage.
Terence is severely wounded.
Terence hits you but does no damage.
It was a potion of haste.
You feel yourself speed up. Terence hits you but does no damage.
You hit Terence but do no damage.
Terence is severely wounded.
You block Terence's attack.
It was a potion of mutation.
You feel extremely strange.
You occasionally lose the ability to drink potions when taking damage.
You occasionally lose the ability to read scrolls when taking damage.
You feel less energetic.
Your feet thicken and deform.
Terence hits you but does no damage.
You hit Terence but do no damage.
Terence is severely wounded.
Terence hits you with a +0 falchion.
You feel threatened and lose the ability to read scrolls!
You feel threatened and lose the ability to drink potions!
* * * LOW HITPOINT WARNING * * *
You barely miss Terence.
Terence is severely wounded.
Terence hits you with a +0 falchion.
* * * LOW HITPOINT WARNING * * *
You hit Terence.
Terence is almost dead.
Terence hits you but does no damage.
You hit Terence.
Terence is almost dead.
You can read scrolls again.
Terence hits you with a +0 falchion.
You feel threatened and lose the ability to read scrolls!
You die...

.. ##### ###### ...
##... ...... ...##
...#####+ ###### ....
###........
...#)........ #.#.......
#...#..#####.###########
#....♣@....##.........
#.#..########.########
#.#..# #.# #.##.# #.#
#.##.# #.#
#.###########.#
#.............#
###############


You could see Terence.

Vanquished Creatures
  A dart slug (D:1)
  A ball python (D:1)
  4 bats (D:1)
  2 endoplasms (D:1)
  2 giant cockroaches (D:1)
  5 hobgoblins (D:1)
  2 jackals (D:1)
  4 kobolds (D:1)
  A quokka (D:1)
  5 goblins (D:1)
  4 rats (D:1)
31 creatures vanquished.

Vanquished Creatures (others)
  3 toadstools (D:1)
3 creatures vanquished.

Grand Total: 34 creatures vanquished

Notes
Turn   | Place    | Note
-------+----------+-------------------------------------------
     0 | D:1      | DemonSlayer the Demonspawn Earth Elementalist began the
                  | quest for the Orb.
     0 | D:1      | Reached XP level 1. HP: 13/13 MP: 3/3
   101 | D:1      | Reached skill level 3 in Earth Magic
   101 | D:1      | Gained mutation: You sometimes gain a little power by
                  | taking damage. [demonic ancestry]
   101 | D:1      | Reached XP level 2. HP: 17/19 MP: 0/5
   787 | D:1      | Gained mutation: You have sharp fingernails. [demonic
                  | ancestry]
   787 | D:1      | Reached XP level 3. HP: 24/24 MP: 4/6
  1333 | D:1      | Learned a level 3 spell: Stone Arrow
  1444 | D:2      | Noticed Terence
  1468 | D:2      | Gained mutation: You occasionally lose the ability to drink
                  | potions when taking damage. [potion of mutation]
  1468 | D:2      | Gained mutation: You occasionally lose the ability to read
                  | scrolls when taking damage. [potion of mutation]
  1468 | D:2      | Gained mutation: Your magical capacity is low. (-10% MP)
                  | [potion of mutation]
  1468 | D:2      | Gained mutation: You have large cloven feet. [potion of
                  | mutation]
  1472 | D:2      | Slain by Terence

Illustrated notes

Levels and vault maps discovered:
D:1:      psy_arrival_spokes, layout_basic, minmay_gold_behind_fungi,
          minmay_misc_feat_pillars
D:2:      layout_basic, hellmonk_ecumenical_altar_leap_of_faith, basic_altar,
          minmay_pentomino_v2, uniq_terence, uniq_sigmund

Skill      XL: |  1 |
---------------+----+-----
Earth Magic    | 3 |  3.3
Dodging        | |  1.9
Stealth        | |  1.9
Spellcasting   | |  2.7
Transmutations | |  0.8

Action                   || total
-------------------------++-------
Melee: Hand axe          ||    15
 Cast: Sandblast         ||    51
  Use: Potion            ||     5
Armor: Robe              ||     2
       Skin              ||    11
Dodge: Dodged            ||    13
Block: Buckler           ||     7
